 Dungeon Crawl Stone Soup version 0.18.1-50-g88ac8fd (webtiles) character file.

371 epen the Insei (level 6, -1/50 HPs)
             Began as a Merfolk Monk on Sept 15, 2016.
             Killed by nerve-wracking pain
             ... invoked by Grinder
              (2 damage)
             ... on level 5 of the Dungeon.
             The game lasted 00:04:41 (3709 turns).

epen the Insei (Merfolk Monk)                       Turns: 3709, Time: 00:04:41

Health: -1/50      AC:  9    Str: 12    XL:     6   Next: 70%
Magic:  6/6        EV: 13    Int: 10    God:
Gold:   201        SH:  2    Dex: 15    Spells: 0 memorised, 5 levels left

rFire  . . .     SeeInvis .     s - +1 dagger (venom)
rCold  . . .     Gourm    .     d - +0 ring mail
rNeg   . . .     Faith    .     (no shield)
rPois  .         Spirit   .     u - +1 helmet
rElec  .         Dismiss  .     (no cloak)
rCorr  .         Reflect  .     (no gloves)
SustAt .         Harm     +     (no boots)
MR     .....     Rnd*Rage +     q - amulet of harm
Stlth  +.........               (no ring)
                                (no ring)

@: not resistant to hostile enchantments, very unstealthy
A: change form in water, swift swim, large bone plates 1, berserk 1, clumsy 1
a: no special abilities


You were on level 5 of the Dungeon.
You were hungry.

You visited 1 branch of the dungeon, and saw 5 of its levels.

You collected 201 gold pieces.

Inventory:

Hand Weapons
 s - a +1 dagger of venom (weapon)
Armour
 a - a +0 robe
 d - a +0 ring mail (worn)
 u - a +1 helmet (worn)
Jewellery
 q - an amulet of harm (around neck)
Wands
 h - a wand of random effects (29/48)
Scrolls
 c - a scroll of amnesia
 e - 2 scrolls of remove curse
 f - a scroll of recharging
 i - a scroll of enchant weapon
Potions
 k - 2 potions of cancellation
Books
 t - a book of Death

   Spells                             Type                      Level
   a - Corpse Rot                     Necromancy                   2
   b - Sublimation of Blood           Necromancy                   2
   c - Agony                          Necromancy                   5
   d - Dispel Undead                  Necromancy                   5
   e - Excruciating Wounds            Charms/Necromancy            5
   f - Bolt of Draining               Conjuration/Necromancy       5
 w - the Grimoire of the Pure Ships
   (You found it on level 4 of the Dungeon)

   Spells                             Type                      Level
   a - Sting                          Conjuration/Poison           1
   b - Song of Slaying                Charms                       2
   c - Swiftness                      Charms/Air                   2
   d - Spectral Weapon                Hexes/Charms                 3
   e - Venom Bolt                     Conjuration/Poison           5
   f - Alistair's Intoxication        Transmutation/Poison         5
Comestibles
 b - 3 bread rations
 g - a meat ration
 p - a slice of pizza
 v - 3 fruits


   Skills:
 + Level 4.8 Fighting
 + Level 5.5 Dodging
 - Level 2.1 Stealth
 * Level 7.1 Unarmed Combat


You had 5 spell levels left.
You didn't know any spells.

Dungeon Overview and Level Annotations

Branches:
Dungeon (5/15)
 Temple: D:4-7

Altars:
Ashenzari
Dithmenos
Makhleb
Pakellas
Ru
Xom

Annotations:
D:4 epen's ghost, novice MfMo
D:5 Grinder


Innate Abilities, Weirdness & Mutations

You revert to your normal form in water.
You are very nimble and swift while swimming.
You are partially covered in large bone plates (AC +2, SH +2).
You tend to lose your temper in combat.
You are clumsy. (Dex -2)


Message History

* * * LOW HITPOINT WARNING * * *
Drink which item? (? for menu, Esc to quit)
You feel better. Grinder hits you.
* * * LOW HITPOINT WARNING * * *
You writhe in agony.
* * * LOW HITPOINT WARNING * * *
Read which item? (? for menu, Esc to quit)
You don't have any such object.
Read which item? (? for menu, Esc to quit)
Okay, then.
Read which item? (? for menu, Esc to quit)
Okay, then.
You hit Grinder.
Grinder is heavily wounded.
Grinder barely misses you. Grinder hits you but does no damage.
Grinder hits you but does no damage. Grinder gestures at you.
Pain shoots through your body!
You die...

#...## .....## ......#
......# #+## ......#
#.. ..(..## #.# #...##
##.## # ##.##
##...###.##### #.#
#.....@.......
#.#########..5.##>#####
#............#.# #
############......
#...### #.### #.# #.#
..


You could see Grinder.

Vanquished Creatures
  Edmund (D:4)
  A hound (D:4)
  2 orc wizards
  2 orc priests (D:4)
  4 adders
  A shadow imp (D:4)
  An ooze (D:1)
  An adder skeleton (D:4)
  A worm (D:2)
  A dart slug (D:1)
  3 giant geckos
  8 orcs
  A ball python (D:1)
  12 bats
  A giant cockroach (D:4)
  6 goblins
  6 hobgoblins
  5 kobolds
  2 quokkas
  A giant gecko skeleton (D:4)
  5 giant newts
  9 rats
74 creatures vanquished.

Notes
Turn   | Place    | Note
--------------------------------------------------------------
     0 | D:1      | epen the Merfolk Monk began the quest for the Orb.
     0 | D:1      | Reached XP level 1. HP: 18/18 MP: 1/1
   111 | D:1      | Reached XP level 2. HP: 18/24 MP: 2/2
   331 | D:1      | Reached skill level 5 in Unarmed Combat
   331 | D:1      | Reached XP level 3. HP: 22/30 MP: 3/3
   891 | D:2      | Found a shadowy altar of Dithmenos.
  1086 | D:2      | Found an oddly glowing altar of Pakellas.
  1177 | D:2      | Found a shattered altar of Ashenzari.
  1487 | D:2      | Reached XP level 4. HP: 11/37 MP: 4/4
  2341 | D:2      | Found a shimmering altar of Xom.
  2449 | D:3      | Reached XP level 5. HP: 28/42 MP: 5/5
  2832 | D:4      | Reached skill level 6 in Unarmed Combat
  2850 | D:4      | Identified the Grimoire of the Pure Ships
  2887 | D:4      | Reached skill level 5 in Dodging
  3095 | D:4      | Gained mutation: You tend to lose your temper in combat. [potion of mutation]
  3095 | D:4      | Gained mutation: You are clumsy. (Dex -2) [potion of mutation]
  3095 | D:4      | Gained mutation: You are partially covered in large bone plates (AC +2, SH +2). [potion of mutation]
  3203 | D:4      | Reached XP level 6. HP: 48/49 MP: 6/6
  3213 | D:4      | Found a burning altar of Makhleb.
  3286 | D:4      | Noticed Edmund
  3297 | D:4      | Killed Edmund
  3441 | D:4      | Found a sacrificial altar of Ru.
  3541 | D:4      | Reached skill level 7 in Unarmed Combat
  3635 | D:4      | Noticed epen's ghost (novice MfMo)
  3661 | D:5      | Entered Level 5 of the Dungeon
  3685 | D:5      | Noticed Grinder
  3705 | D:5      | HP: 1/50 [Grinder (7)]
  3709 | D:5      | Killed from afar by Grinder

Skill      XL: |  1  2  3  4  5  6 |
---------------+-------------------+-----
Unarmed Combat | 5 6 7 |  7.1
Fighting       | 4 |  4.8
Dodging        | 5 |  5.5
Stealth        | |  2.1

Action                   |  1- 3 |  4- 6 || total
-------------------------+-------+-------++-------
Melee: Unarmed           |   114 |    28 ||   142
       Punch             |     1 |     3 ||     4
       Dagger            |       |   130 ||   130
  Use: Scroll            |       |    12 ||    12
       Potion            |       |     2 ||     2
 Stab: Sleeping          |     4 |     1 ||     5
  Eat: Chunk             |     1 |     8 ||     9
Armor: Ring mail         |    25 |    54 ||    79
Dodge: Dodged            |    70 |    86 ||   156
Block: Other             |       |     3 ||     3
